 Dungeon Crawl Stone Soup version 0.28.0 (webtiles) character file.

Game seed: 3545388487316701320

662 theElss the Skirmisher (level 7, -3/66 HPs)
             Began as a Gargoyle Berserker on Feb 17, 2022.
             Was a Believer of Trog.
             Slain by a black bear (6 damage)
             ... on level 5 of the Dungeon.
             The game lasted 00:10:13 (5085 turns).

theElss the Skirmisher (Gargoyle Berserker)         Turns: 5085, Time: 00:10:14

Health: -3/66      AC: 15    Str: 21    XL:     7   Next: 56%
Magic:  7/7        EV:  9    Int:  7    God:    Trog [**....]
Gold:   61         SH:  0    Dex: 11    Spells: 6/6 levels left

rFire   . . .      SeeInvis .   n - +0 morningstar
rCold   . . .      Faith    .   (no shield)
rNeg    + . .      Spirit   .   a - +0 chain mail
rPois   ∞          Reflect  .   (no helmet)
rElec   +          Harm     .   (no cloak)
rCorr   .          Rampage  .   k - +0 pair of gloves
Will    .....                   (no boots)
Stlth   ..........              (no amulet)
HPRegen 0.21/turn               (no ring)
MPRegen 0.10/turn               (no ring)

@: berserking, very quick
A: sickness immunity, AC +4, negative energy resistance 1, electricity
resistance, torment resistance 1, petrification resistance
a: Renounce Religion, Berserk, Trog's Hand


You were on level 5 of the Dungeon.
You worshipped Trog.
Trog was pleased with you.
You visited 1 branch of the dungeon, and saw 5 of its levels.

You collected 149 gold pieces.
You spent 88 gold pieces at shops.

Inventory:

Hand Weapons
 c - a +2 whip of flaming
 n - a +0 morningstar (weapon)
Armour
 a - a +0 chain mail (worn)
 g - a +0 ring mail
 k - a +0 pair of gloves (worn)
Jewellery
 l - a ring of ice
Scrolls
 e - 6 scrolls of identify {unknown}
 f - 3 scrolls of vulnerability {unknown}
 h - a scroll of magic mapping {unknown}
 i - a scroll of immolation {unknown}
 m - a scroll of fear {unknown}
Potions
 b - a potion of attraction {unknown}
 d - a potion of might
 j - a potion of mutation {unknown}
 o - a potion of heal wounds
 p - a potion of curing
 q - a potion of magic {unknown}


   Skills:
 + Level 5.4 Fighting
 + Level 4.9 Maces & Flails
 + Level 4.8 Armour
 + Level 3.6 Dodging


You had 6 spell levels left.
You didn't know any spells.
Your spell library was empty.

Dungeon Overview and Level Annotations

Branches:
Dungeon (5/15)             Temple (0/1) D:4

Altars:
Nemelex Xobeh

Shops:
D:5 !

Annotations:
D:4 Eustachio, Grinder, Pargi


Innate Abilities, Weirdness & Mutations

You are immune to sickness and miasma.
Your stone body is resilient. (AC +4)
You are immune to poison.
You resist negative energy. (rN+)
You are resistant to electric shocks. (rElec)
You are resistant to unholy torment.
You are immune to petrification.


Message History

The black bear bites you but does no damage.
The black bear claws you but does no damage.
The black bear closely misses you. The black bear barely misses you.
The black bear closely misses you.
The black bear claws you but does no damage.
You barely miss the black bear.
The black bear is severely wounded.
The black bear bites you but does no damage.
The black bear claws you but does no damage. x2
The black bear bites you.
The black bear claws you but does no damage.
The black bear claws you.
You closely miss the black bear.
The black bear is severely wounded.
The black bear barely misses you. The black bear closely misses you. x2
You barely miss the black bear.
The black bear is severely wounded.
The black bear barely misses you.
The black bear claws you but does no damage.
The black bear barely misses you. The black bear bites you.
The black bear claws you but does no damage. x2
You closely miss the black bear.
The black bear is severely wounded.
The black bear barely misses you. The black bear claws you.
The black bear closely misses you. The black bear bites you.
The black bear claws you but does no damage. x2
You barely miss the black bear. Your punch misses the black bear.
The black bear is severely wounded.
The black bear bites you! The black bear barely misses you.
The black bear claws you.
* * * LOW HITPOINT WARNING * * *
The black bear bites you.
* * * LOW HITPOINT WARNING * * *
The black bear claws you but does no damage.
The black bear barely misses you.
A red film seems to cover your vision as you go berserk!
You feel yourself moving faster!
You feel mighty! The black bear bites you!
* * * LOW HITPOINT WARNING * * *
The black bear claws you.
You die...

########
#......#
#.####.#
#####.## #.#
#......# #.#
.######.###†.#
#.#####
......h@...).#
#.....#
....#####....#
#####.# . #....#
###.### #....#
#......
#....#####...##.
#<..............
.>##.#.......##.
... .#.#####.##.
#..........


You could see a black bear (berserk).

Vanquished Creatures
  An orc warrior (D:5)
  2 ogres
  A necrophage (D:3)
  The ghost of Camille the Digger, a weakling DEEE (D:3)
  An orc priest (D:5)
  An iguana (D:5)
  2 orc wizards (D:2)
  4 adders
  3 gnolls (D:2)
  6 dart slugs
  4 worms
  10 orcs
  4 ball pythons
  7 endoplasms
  2 giant cockroaches
  6 goblins
  5 hobgoblins
  4 jackals
  3 kobolds
  3 quokkas
  8 bats
  3 frilled lizards
  A jackal zombie (D:4)
  4 rats
86 creatures vanquished.

Vanquished Creatures (others)
  A plant (D:4)
  A withered plant (D:4)
2 creatures vanquished.

Grand Total: 88 creatures vanquished

Notes
Turn   | Place    | Note
-------+----------+-------------------------------------------
     0 | D:1      | theElss the Gargoyle Berserker began the quest for the Orb.
     0 | D:1      | Reached XP level 1. HP: 14/14 MP: 1/1
   471 | D:1      | Reached XP level 2. HP: 19/19 MP: 2/2
   622 | D:1      | Found a faded altar of an unknown god.
   666 | D:1      | You fall into a shaft and drop 1 floor!
   908 | D:2      | Reached XP level 3. HP: 20/23 MP: 3/3
  1644 | D:2      | Reached XP level 4. HP: 14/29 MP: 4/4
  1887 | D:2      | Reached skill level 4 in Fighting
  1889 | D:2      | HP: 1/29 [orc (2)]
  1999 | D:2      | Reached ** piety under Trog
  2053 | D:2      | Identified the +4 dagger of Departure {antimagic, rC+}
  2081 | D:2      | Reached XP level 5. HP: 8/33 MP: 5/5
  3555 | D:3      | Found a sparkling altar of Nemelex Xobeh.
  3575 | D:3      | Found a runed translucent door.
  3577 | D:3      | Noticed Camille's ghost (weakling DEEE)
  4083 | D:3      | Killed Camille's ghost
  4084 | D:3      | Reached XP level 6. HP: 39/39 MP: 6/6
  4143 | D:4      | Noticed Pargi
  4143 | D:4      | Noticed Eustachio
  4284 | D:4      | Noticed a necrophage
  4293 | D:3      | Killed a necrophage
  4411 | D:4      | Found a staircase to the Ecumenical Temple.
  4499 | D:4      | Reached skill level 5 in Fighting
  4678 | D:4      | Noticed Grinder
  4687 | D:5      | Entered Level 5 of the Dungeon
  4687 | D:5      | Noticed an orc warrior
  4695 | D:5      | Killed an orc warrior
  4696 | D:5      | Reached XP level 7. HP: 44/44 MP: 7/7
  4771 | D:5      | Found Agee's Distillery.
  4777 | D:5      | Bought a potion of heal wounds for 55 gold pieces
  4777 | D:5      | Bought a potion of curing for 33 gold pieces
  5085 | D:5      | HP: 3/66 [black bear (11)]
  5085 | D:5      | Slain by a black bear

Illustrated notes

Levels and vault maps discovered:
D:1:      dpeg_arrival_boxes_within_box, layout_basic,
          shapermc_ecumenical_altar_hornbeckon
D:2:      layout_basic
D:3:      layout_basic, nemelex_dance_club_becter, gammafunk_ghost_grave,
          corner_web_ring
D:4:      layout_basic, minmay_temple_entry_gardened_gates, serial_undead,
          serial_undead_c, serial_undead_c, serial_undead_d, serial_undead_b,
          due_unseen_surprise, uniq_duvessa, uniq_grinder, uniq_pargi,
          uniq_eustachio
D:5:      layout_basic, serial_shops, kennysheep_little_box,
          chequers_serial_rivers_micro_d

Skill      XL: |  1  2  3  4  5  6 |
---------------+-------------------+-----
Dodging        | 2 3 |  3.6
Armour         | 3 4 |  4.8
Fighting       | 4 5 |  5.4
Maces & Flails | 4 |  4.9

Action                   |  1- 3 |  4- 6 |  7- 9 || total
-------------------------+-------+-------+-------++-------
Melee: Mace              |    89 |    27 |       ||   116
       Whip              |       |   137 |       ||   137
       Punch             |       |     1 |     1 ||     2
       Morningstar       |       |     5 |    35 ||    40
Invok: Berserk           |     1 |     6 |     1 ||     8
  Use: Potion            |       |     3 |       ||     3
Armor: Animal skin       |     6 |       |       ||     6
       Leather armour    |    13 |       |       ||    13
       Ring mail         |    17 |    16 |       ||    33
       Chain mail        |       |    66 |    29 ||    95
Dodge: Dodged            |    43 |    69 |    22 ||   134
